 Dungeon Crawl Stone Soup version 0.21.1-1-g345015fe64 (webtiles) character file.

0 Gargoyl the Skirmisher (level 1, 0/19 HPs)
             Began as a Centaur Abyssal Knight on May 2, 2018.
             Was a Follower of Lugonu.
             Killed by divine providence
             ... invoked by an orc priest
             ... summoned by a worldbinder
              (11 damage)
             ... on level 2 of the Abyss.
             The game lasted 00:01:03 (158 turns).

Gargoyl the Skirmisher (Centaur Abyssal Knight)      Turns: 158, Time: 00:01:04

Health: 0/19       AC:  6    Str: 14    XL:     1   Next: 0%
Magic:  2/2        EV:  7    Int: 11    God:    Lugonu [*.....]
Gold:   0          SH:  0    Dex:  8    Spells: 0/0 levels left

rFire    . . .     SeeInvis .   a - +1 hand axe
rCold    . . .     Gourm    .   (no shield)
rNeg     . . .     Faith    .   d - +0 scale mail
rPois    .         Spirit   .   (no helmet)
rElec    .         Reflect  .   (no cloak)
rCorr    .         Harm     .   (no gloves)
MR       .....                  (no barding)
Stlth    ..........             (no amulet)
HPRegen  0.06/turn              (no ring)
MPRegen  0.08/turn              (no ring)

@: very quick
A: large, hooves 3, deformed body, speed 2, tough skin 3
a: Depart the Abyss, Renounce Religion


You were on level 2 of the Abyss.
You worshipped Lugonu.
Lugonu was aware of your devotion.
You were not hungry.

You visited 0 branches of the dungeon, and saw 0 of its levels.
You visited the Abyss 1 time.

Inventory:

Hand Weapons
 a - a +1 hand axe (weapon)
Armour
 b - a +0 leather armour
 d - a +0 scale mail (worn)
Comestibles
 c - a ration


   Skills:
 + Level 3.0 Fighting
 + Level 1.7 Axes
 + Level 1.3 Armour
 + Level 0.6 Dodging
 + Level 2.0 Invocations


You couldn't memorise any spells.
You didn't know any spells.

Dungeon Overview and Level Annotations

Branches:
Dungeon (0/15)

Altars:


Innate Abilities, Weirdness & Mutations

You have hooves in place of feet.
Armour fits poorly on your strangely shaped body.
You cover ground very quickly.
You have extremely tough skin. (AC +3)


Message History

Found 27 gold pieces.
A large abomination comes into view.
The large abomination moves out of view.
A tentacle flies out from the starspawn's body!
Found a corrupted altar of Lugonu.
A starspawn tentacle comes into view.
An iron imp comes into view.
A small abomination comes into view.
You hear a chilling moan.
You hear a hideous shriek!
A worldbinder comes into view.
The worldbinder calls forth creatures from the Orcish Mines!
Found a sedimented cyan potion.
The worldbinder calls forth creatures from the Orcish Mines!
The white imp shouts!
You hit the white imp but do no damage. Your kick misses the white imp.
The white imp hits you. The white imp freezes you.
The orc priest mumbles some strange prayers to Beogh against you.
Beogh smites you!
Ouch! That really hurt!
You die...

.. . # .# #.## ..#
## #. #... #..#...
. ###..### #.....
#.#.#..#.x#.#..
.#.#. #.#§#5#.#
..#..#...§V#.@##
..#.............#
#...!.#..#.o#..#.#
#.##.#.T..###### #
.#.# #.#..#
.......## ..#
#.T#.#...##..#
.#.#.#...# #.# .
....#.# ##


You could see a worldbinder, an orc priest and a white imp.

Vanquished Creatures (others)
  A bush (Abyss:2)
  4 starspawn tentacles (Abyss:2)
5 creatures vanquished.

Notes
Turn   | Place    | Note
-------+----------+-------------------------------------------
     0 | Abyss:1  | Gargoyl the Centaur Abyssal Knight began the quest for the Orb.
     0 | Abyss:1  | Reached XP level 1. HP: 19/19 MP: 2/2
     1 | Abyss:1  | Found a shimmering altar of Xom.
    24 | Abyss:2  | Noticed a ynoxinul
    41 | Abyss:2  | Noticed a large abomination
    65 | Abyss:2  | Noticed a tentacled starspawn
    71 | Abyss:2  | Noticed a neqoxec
    75 | Abyss:2  | Noticed an iron imp
    75 | Abyss:2  | Noticed an iron imp
    95 | Abyss:2  | Noticed a stone giant simulacrum
   105 | Abyss:2  | Noticed a tentacled starspawn
   105 | Abyss:2  | Noticed a tentacled starspawn
   111 | Abyss:2  | Noticed a large abomination
   112 | Abyss:2  | Found a corrupted altar of Lugonu.
   113 | Abyss:2  | Noticed an iron imp
   129 | Abyss:2  | Noticed a small abomination
   144 | Abyss:2  | Noticed a worldbinder
   147 | Abyss:2  | Noticed a troll
   154 | Abyss:2  | Noticed a troll
   154 | Abyss:2  | Noticed a vampire mage
   156 | Abyss:2  | Noticed an orc priest
   158 | Abyss:2  | Killed from afar by an orc priest

Action                   || total
-------------------------++-------
Melee: Hand axe          ||     1
  Use: Scroll            ||     1
